 Dungeon Crawl Stone Soup version 0.22-b1-21-g5cfc1688f2 (webtiles) character file.

165 Jorund the Magician (level 5, -5/31 HPs)
             Began as an Octopode Wizard on Aug 7, 2018.
             Slain by Grinder (9 damage)
             ... on level 4 of the Dungeon.
             The game lasted 00:09:59 (3548 turns).

Jorund the Magician (Octopode Wizard)               Turns: 3548, Time: 00:09:59

Health: -5/31      AC:  1    Str: 12    XL:     5   Next: 46%
Magic:  1/11       EV: 13    Int: 21    God:
Gold:   253        SH:  0    Dex: 10    Spells: 1/12 levels left

rFire    . . .     SeeInvis .   h - +0 whip (flame)
rCold    + . .     Gourm    .   (no shield)
rNeg     . . .     Faith    .   a - +0 hat
rPois    .         Spirit   .   (no amulet)
rElec    .         Reflect  .   g - ring of protection from cold
rCorr    .         Harm     .   (no ring)
MR       .....                  (no ring)
Stlth    +++.......             (no ring)
HPRegen  0.10/turn              (no ring)
MPRegen  0.12/turn              (no ring)
                                (no ring)
                                (no ring)

@: mighty, very slightly contaminated, hasted, very quick
A: almost no armour, stealthy swim, amphibious, 8 rings, constrict 8, camouflage
1, gelatinous body 1
a: no special abilities


You were on level 4 of the Dungeon.
You were not hungry.

You visited 1 branch of the dungeon, and saw 4 of its levels.

You collected 253 gold pieces.

Inventory:

Hand Weapons
 h - a +0 whip of flaming (weapon)
Missiles
 e - 3 javelins (quivered)
 j - 36 poisoned needles
Armour
 a - a +0 hat (worn)
Jewellery
 g - a ring of protection from cold (left tentacle)
 i - an uncursed amulet of faith
Wands
 b - a wand of iceblast (3)
 f - a wand of polymorph (17)
Scrolls
 d - a scroll of teleportation {unknown}
Comestibles
 c - 10 rations
 l - 2 chunks of flesh


   Skills:
   Level 0.2 Short Blades
 - Level 2.0 Dodging
 - Level 2.6 Stealth
 + Level 4.4 Spellcasting
 * Level 3.6 Conjurations
   Level 1.0 Summonings
 - Level 1.0 Translocations


You had one spell level left.
You knew the following spells:

 Your Spells              Type           Power        Failure   Level  Hunger
a - Magic Dart            Conj           ###.         2%          1    None
b - Blink                 Tloc           N/A          12%         2    #......
c - Conjure Flame         Conj/Fire      ##......     16%         3    ##.....
d - Mephitic Cloud        Conj/Pois/Air  #.......     22%         3    ##.....
e - Slow                  Hex            #.......     17%         2    #......

Your spell library contained the following spells:

 Spells                   Type           Power        Failure   Level  Hunger
 Call Imp                 Summ           #.......     12%         2    #......


Dungeon Overview and Level Annotations

Branches:
Dungeon (4/15)
 Temple: D:4-7

Altars:
Dithmenos
Gozag
Kikubaaqudgha
Nemelex Xobeh
Wu Jian

Annotations:
D:4 2 transporters, 2 runed doors, Edmund; ExaRaiun's ghost, amateur DrFE; Grinder; Natasha


Innate Abilities, Weirdness & Mutations

You cannot wear most types of armour.
You are very stealthy in the water. (Stealth+)
You are amphibious.
You can wear up to eight rings at the same time.
You can use your tentacles to constrict eight enemies at once.
Your skin changes colour to match your surroundings (Stealth+).
Your rubbery body absorbs attacks. (AC +1, EV +1)


Message History

Confirm with . or Enter, or press ? or * to list all spells.
Aiming: Slow (safe; 17% risk of failure)
Press: ? - help, Shift-Dir - straight line, f/p - Grinder
Aim: Grinder (moderately wounded, chance to defeat MR: 37%) Grinder resists with some effort.
You closely miss Grinder. You grab Grinder.
Grinder is moderately wounded.
You constrict Grinder. Grinder closely misses you.
You barely miss Grinder.
Grinder is moderately wounded.
You constrict Grinder. You barely miss Grinder.
Grinder is heavily wounded.
You constrict Grinder. Grinder gestures at you.
You resist with significant effort.
You barely miss Grinder.
Grinder is heavily wounded.
You constrict Grinder. Grinder hits you!
You die...

#.#...........÷)....########
#.#.###############.....###.
#.#.#8P#≈≈≈;;≈≈#P8#.........
#...#..#.......#..#.........
#..©#©/+...♣...+"©#©........
##..#[.#.......#..#.........
##.#8P#≈≈≈;;≈≈#P8#.........
#.###############..##.##+#
#........@5........##.##..
##############......#.....
#......#..... #......⌠.⌠...
#......._....
#######.<#⌠.⌠...
##..########.....
#.....#..........
#.....#...<......


You could see Grinder and 3 electric eels.

Vanquished Creatures
  An orc wizard (D:3)
  Ijyb (D:4)
  A howler monkey skeleton (D:4)
  An adder (D:3)
  3 worms
  2 dart slugs (D:1)
  3 leopard geckos (D:1)
  12 orcs
  2 ball pythons
  6 goblins
  9 hobgoblins
  3 quokkas
  9 bats
  6 frilled lizards
  5 kobolds
  A leopard gecko skeleton (D:4)
  7 rats
72 creatures vanquished.

Notes
Turn   | Place    | Note
-------+----------+-------------------------------------------
     0 | D:1      | Jorund the Octopode Wizard began the quest for the Orb.
     0 | D:1      | Reached XP level 1. HP: 11/11 MP: 4/4
   265 | D:1      | Reached XP level 2. HP: 17/17 MP: 0/6
   651 | D:1      | Reached XP level 3. HP: 13/21 MP: 5/8
  1833 | D:2      | Reached XP level 4. HP: 27/27 MP: 6/9
  1872 | D:2      | Reached skill level 4 in Spellcasting
  1911 | D:2      | Learned a level 2 spell: Blink
  1915 | D:2      | Learned a level 3 spell: Conjure Flame
  1919 | D:2      | Learned a level 3 spell: Mephitic Cloud
  2522 | D:3      | Found an ancient bone altar of Kikubaaqudgha.
  2623 | D:3      | Learned a level 2 spell: Slow
  2681 | D:3      | Reached XP level 5. HP: 31/31 MP: 7/11
  2696 | D:3      | Found a shadowy altar of Dithmenos.
  2892 | D:4      | Noticed Edmund
  2972 | D:4      | Noticed Ijyb
  2983 | D:4      | Found a sparkling altar of Nemelex Xobeh.
  2992 | D:4      | Killed Ijyb
  3230 | D:4      | Found a transporter.
  3247 | D:4      | Found an opulent altar of Gozag.
  3265 | D:4      | Noticed Natasha
  3341 | D:4      | Found a large runed door.
  3341 | D:4      | Found a large runed door.
  3342 | D:4      | Noticed ExaRaiun's ghost (amateur DrFE)
  3370 | D:4      | Noticed Grinder
  3414 | D:4      | Found an ornate altar of the Wu Jian Council.
  3416 | D:4      | Found a transporter.
  3532 | D:4      | Paralysed by Grinder for 6 turns
  3542 | D:4      | Gained mutation: Scrolls take you a little longer to read. [potion of mutation]
  3542 | D:4      | Lost mutation: Scrolls take you a little longer to read. [potion of mutation]
  3548 | D:4      | Slain by Grinder

Skill      XL: |  1  2  3  4 |
---------------+-------------+-----
Conjurations   | 2 3 |  3.6
Spellcasting   | 4 |  4.4
Short Blades   | |  0.2
Dodging        | |  2.0
Stealth        | |  2.6
Summonings     | |  1.0
Translocations | |  1.0

Action                   |  1- 3 |  4- 6 || total
-------------------------+-------+-------++-------
Melee: Dagger            |    25 |       ||    25
       Club              |     3 |       ||     3
       Constrict         |    10 |     9 ||    19
       Tentacles         |     5 |     6 ||    11
       Whip              |     9 |    38 ||    47
 Cast: Magic Dart        |    97 |    50 ||   147
       Mephitic Cloud    |       |     2 ||     2
       Slow              |       |     4 ||     4
       Conjure Flame     |       |     3 ||     3
       Blink             |       |     1 ||     1
Evoke: Wand              |       |     2 ||     2
  Use: Potion            |       |     8 ||     8
       Scroll            |       |     3 ||     3
 Stab: Sleeping          |     2 |     3 ||     5
       Confused          |       |     2 ||     2
  Eat: Chunk             |     2 |     6 ||     8
Armor: Skin              |     9 |     1 ||    10
Dodge: Dodged            |    39 |    30 ||    69
